 Dungeon Crawl Stone Soup version 0.28.0-47-ge53b351184 (webtiles) character file.

Game seed: 7190278685654097204

53 Kaptain the Digger (level 3, -1/20 HPs)
             Began as a Gargoyle Earth Elementalist on Apr 29, 2022.
             Slain by a gnoll
             ... wielding a +0 spear
              (4 damage)
             ... on level 2 of the Dungeon.
             The game lasted 00:03:09 (1238 turns).

Kaptain the Digger (Gargoyle Earth Elementalist)    Turns: 1238, Time: 00:03:09

Health: -1/20      AC: 12    Str: 11    XL:     3   Next: 87%
Magic:  6/6        EV:  5    Int: 20    God:
Gold:   3          SH:  0    Dex: 10    Spells: 2/6 levels left

rFire   + . .      SeeInvis .   k - +1 falchion (holy)
rCold   . . .      Faith    .   (no shield)
rNeg    + . .      Spirit   .   h - +2 ring mail {rF+}
rPois   ∞          Reflect  .   f - +0 helmet {Int+3}
rElec   +          Harm     .   (no cloak)
rCorr   .          Rampage  .   a - +0 pair of gloves
Will    .....                   (no boots)
Stlth   +.........              (no amulet)
HPRegen 0.06/turn               (no ring)
MPRegen 0.10/turn               (no ring)

@: held
A: sickness immunity, AC +3, negative energy resistance 1, electricity
resistance, torment resistance 1, petrification resistance
a: no special abilities


You were on level 2 of the Dungeon.
You visited 1 branch of the dungeon, and saw 2 of its levels.

You collected 3 gold pieces.

Inventory:

Hand Weapons
 d - a +0 flail
 k - a +1 falchion of holy wrath (weapon)
Missiles
 c - 6 stones
 e - 21 sling bullets
Armour
 a - a +0 pair of gloves (worn)
 b - a +0 robe
 f - a +0 helmet of intelligence (worn)
 g - a +0 kite shield
 h - a +2 ring mail of fire resistance (worn)
Scrolls
 i - a scroll of identify {unknown}
 j - a scroll of holy word {unknown}


   Skills:
 * Level 1.4 Fighting
 + Level 0.6 Armour
 - Level 1.6 Dodging
 - Level 2.1 Stealth
 + Level 0.3 Shields
 * Level 2.4 Spellcasting
 * Level 1.3 Conjurations
 - Level 0.7 Transmutations
 * Level 4.1 Earth Magic


You had 2 spell levels left.
You knew the following spells:

 Your Spells              Type           Power      Damage    Failure   Level
a - Sandblast             Erth           38%        2d10      7%          1
b - Stone Arrow           Conj/Erth      26%        3d8       34%         3

Your spell library contained the following spells:

 Spells                   Type           Power      Damage    Failure   Level
 Passwall                 Tmut/Erth      10%        N/A       21%         2
 Summon Guardian Golem    Hex/Summ       2%         N/A       73%         3
 Petrify                  Tmut/Erth      12%        N/A       80%         4
 Orb of Destruction       Conj           3%         9d5       100%        7
 Spellforged Servitor     Conj/Summ      2%         N/A       100%        7


Dungeon Overview and Level Annotations

Branches:
Dungeon (2/15)

Altars:


Innate Abilities, Weirdness & Mutations

You are immune to sickness and miasma.
Your stone body is resilient. (AC +3)
You are immune to poison.
You resist negative energy. (rN+)
You are resistant to electric shocks. (rElec)
You are resistant to unholy torment.
You are immune to petrification.


Message History

a +0 spear; a gnoll corpse HP restored. 2 gnolls come into view.
The gnoll shouts!
A dart slug comes into view.
The gnoll hits you with a +0 club. The gnoll hits you but does no damage.
You hit the gnoll.
The gnoll is lightly wounded.
The gnoll hits you but does no damage. The gnoll closely misses you.
The gnoll hits you with a +0 club! The gnoll hits you but does no damage.
You closely miss the gnoll.
The gnoll is lightly wounded.
The gnoll closely misses you. The gnoll misses you.
Unknown command.
Things that are here:
a +0 spear; a gnoll corpse
Things that are here:
a +0 club; a +0 club The gnoll throws a throwing net.
The throwing net hits you.
You become entangled in the net!
You see here a throwing net.
Unknown command.
You struggle against the net.
You tear a large gash into the net.
The gnoll hits you with a +0 club.
* * * LOW HITPOINT WARNING * * *
The gnoll hits you but does no damage.
You struggle against the net.
The gnoll hits you but does no damage. The gnoll barely misses you.
You rip the net and break free!
The gnoll hits you but does no damage. x2
The gnoll throws a throwing net.
The throwing net hits you.
You become entangled in the net!
You see here a throwing net.
You struggle against the net.
You struggle against the net.
The gnoll hits you but does no damage. x2
You struggle against the net.
The gnoll hits you but does no damage.
The gnoll hits you from afar with a +0 spear.
* * * LOW HITPOINT WARNING * * *
You struggle against the net.
The gnoll hits you but does no damage.
The gnoll hits you from afar with a +0 spear.
You die...

#.# # #.###.###
######........
#.w....>...#
......###.#####
##... #w# #...
#g# #.# #g# #
#.####@#
#......#
#####<.# ##.##
#..# #..# #<.#
####


You could see 2 gnolls and a dart slug.

Vanquished Creatures
  2 gnolls
  A dart slug (D:1)
  2 ball pythons (D:1)
  7 endoplasms
  3 giant cockroaches (D:1)
  A hobgoblin (D:1)
  A jackal (D:1)
  2 kobolds
  A quokka (D:1)
  4 bats (D:1)
  A frilled lizard (D:1)
  3 goblins
28 creatures vanquished.

Notes
Turn   | Place    | Note
-------+----------+-------------------------------------------
     0 | D:1      | Kaptain the Gargoyle Earth Elementalist began the quest for
                  | the Orb.
     0 | D:1      | Reached XP level 1. HP: 10/10 MP: 3/3
    34 | D:1      | Found a faded altar of an unknown god.
   226 | D:1      | Reached XP level 2. HP: 16/16 MP: 3/5
   674 | D:1      | Reached skill level 1 in Fighting
   748 | D:1      | Reached skill level 1 in Conjurations
   748 | D:1      | Reached skill level 4 in Earth Magic
   748 | D:1      | Reached XP level 3. HP: 20/20 MP: 3/6
   757 | D:1      | Learned a level 3 spell: Stone Arrow
  1238 | D:2      | Slain by a gnoll

Illustrated notes

Levels and vault maps discovered:
D:1:      shiori_arrival_maze, layout_loops_ring, ebering_ecumenical_altar_box,
          amcnicky_mini_pool_small, minmay_misc_feat_x, grunt_decor_one_mirror,
          st_stairs_10, chequers_serial_rivers_room_b, roderic_roman_lattice
D:2:      layout_rooms, basic_altar, minmay_tromino_v2

Skill      XL: |  1  2 |
---------------+-------+-----
Fighting       | 1 |  1.4
Conjurations   | 1 |  1.3
Earth Magic    | 4 |  4.1
Armour         | |  0.6
Dodging        | |  1.6
Stealth        | |  2.1
Shields        | |  0.3
Spellcasting   | |  2.4
Transmutations | |  0.7

Action                   || total
-------------------------++-------
Melee: Falchion          ||    15
       Punch             ||     1
 Cast: Sandblast         ||    25
Armor: Robe              ||     1
       Ring mail         ||    18
Dodge: Dodged            ||     9
